 Dungeon Crawl Stone Soup version 0.21.1-1-g345015f (webtiles) character file.

201 shakethe the Firebug (level 5, -1/28 HPs)
             Began as a Gargoyle Fire Elementalist on Feb 6, 2018.
             Killed from afar by an orc wizard (5 damage)
             ... with a magic dart
             ... on level 3 of the Dungeon.
             The game lasted 00:06:45 (2769 turns).

shakethe the Firebug (Gargoyle Fire Elementalist)   Turns: 2769, Time: 00:06:46

Health: -1/28      AC:  7    Str: 12    XL:     5   Next: 79%
Magic:  3/9        EV: 12    Int: 16    God:
Gold:   108        SH:  0    Dex: 10    Spells: 9/10 levels left

rFire    . . .     SeeInvis .   j - +0 whip
rCold    . . .     Gourm    .   (no shield)
rNeg     + . .     Faith    .   a - +0 robe
rPois    ∞         Spirit   .   d - +0 helmet
rElec    +         Reflect  .   (no cloak)
rCorr    .         Harm     .   (no gloves)
MR       .....                  (no boots)
Stlth    +.........             (no amulet)
HPRegen  0.09/turn              (no ring)
MPRegen  0.11/turn              (no ring)

@: confused
A: negative energy resistance 1, electricity resistance, unbreathing,
petrification resistance, rot immunity, AC +4
a: no special abilities


You were on level 3 of the Dungeon.
You were hungry.

You visited 1 branch of the dungeon, and saw 3 of its levels.

You collected 108 gold pieces.

Inventory:

Hand Weapons
 f - a +0 short sword
 j - a +0 whip (weapon)
Armour
 a - a +0 robe (worn)
 d - a +0 helmet (worn)
Scrolls
 e - 2 scrolls of fear {unknown}
 g - 4 scrolls of identify {unknown}
 h - a scroll of immolation {unknown}
 k - a scroll of teleportation {unknown}
 l - 2 scrolls of random uselessness {unknown}
 q - a scroll of blinking {unknown}
Potions
 i - 2 potions of heal wounds {unknown}
 m - a potion of agility {unknown}
 n - a potion of ambrosia {unknown}
 o - 2 potions of lignification {unknown}
 r - 2 potions of curing {unknown}
Books
 b - a book of Flames

   Spells                             Type                      Level
   a - Flame Tongue                   Conjuration/Fire             1
   b - Throw Flame                    Conjuration/Fire             2
   c - Conjure Flame                  Conjuration/Fire             3
   d - Inner Flame                    Hexes/Fire                   3
   e - Sticky Flame                   Conjuration/Fire             4
   f - Fireball                       Conjuration/Fire             5
Comestibles
 c - 7 rations


   Skills:
 - Level 1.5 Dodging
 - Level 2.1 Stealth
 + Level 3.1 Spellcasting
 + Level 3.0 Conjurations
 * Level 4.9 Fire Magic


You had 9 spell levels left.
You knew the following spells:

 Your Spells              Type           Power        Failure   Level  Hunger
a - Flame Tongue          Conj/Fire      ###..        3%          1    None


Dungeon Overview and Level Annotations

Branches:
Dungeon (3/15)

Altars:
Kikubaaqudgha
Makhleb
Nemelex Xobeh
Uskayaw


Innate Abilities, Weirdness & Mutations

You are resistant to torment.
Your stone body is resilient. (AC +4)
You are immune to poison.
You resist negative energy. (rN+)
You are resistant to electric shocks. (rElec)
You can survive without breathing.
You are immune to petrification.
You are immune to rotting.


Message History

Aim: shakethe's ghost, wielding a weapon of venom (almost destroyed)
The flame tongue hits shakethe's ghost.
You destroy shakethe's ghost!
Your Spellcasting skill increases to level 3!
Your Conjurations skill increases to level 3!
The orc warrior misses you. The orc warrior barely misses you.
You hear some strange, mumbled words.
You are confused.
The orc warrior hits you with a short sword!
Ouch! That really hurt!
* * * LOW HITPOINT WARNING * * *
You miss the orc warrior.
The orc warrior hits you but does no damage.
You bump into the rock wall.
You hear some strange, mumbled words.
You are more confused.
The orc wizard casts a spell at you. The magic dart hits you!
You die...

## ##.##########.
##.#.##........
#.#..o....#
######..)##...#
#.......###..#W...
#.####o.#
#........
#.##..o.#
#.o.....#
#.##@#.##
#...S.... #.##.#.#
#..ooo..# #......#
#...o... ####.####
#.<(....#
#(##.##.#
#.##....#
#.##....#
#.##....#.#


You could see an orc warrior and 2 orc wizards.

Vanquished Creatures
  The ghost of shakethe the Firebug, an amateur DEFE (D:3)
  An iguana (D:3)
  A worker ant (D:2)
  3 adders (D:2)
  3 oozes
  A worm (D:2)
  A dart slug (D:2)
  An orc (D:3)
  A ball python (D:3)
  5 bats
  3 giant cockroaches
  4 hobgoblins
  3 jackals (D:1)
  2 frilled lizards (D:2)
  A goblin (D:2)
  9 kobolds
  7 rats
47 creatures vanquished.

Notes
Turn   | Place    | Note
-------+----------+-------------------------------------------
     0 | D:1      | shakethe the Gargoyle Fire Elementalist began the quest for the Orb.
     0 | D:1      | Reached XP level 1. HP: 10/10 MP: 3/3
    39 | D:1      | Found a sparkling altar of Nemelex Xobeh.
    71 | D:1      | Reached XP level 2. HP: 7/15 MP: 0/5
   765 | D:2      | Reached XP level 3. HP: 19/19 MP: 0/6
  1228 | D:2      | Reached skill level 4 in Fire Magic
  1259 | D:2      | Reached XP level 4. HP: 24/24 MP: 4/7
  1473 | D:2      | Found a burning altar of Makhleb.
  1475 | D:2      | Found an ancient bone altar of Kikubaaqudgha.
  1760 | D:2      | Found a hide-covered altar of Uskayaw.
  2471 | D:3      | Noticed shakethe's ghost (amateur DEFE)
  2528 | D:3      | Reached XP level 5. HP: 18/28 MP: 5/9
  2746 | D:3      | Noticed an orc warrior
  2760 | D:3      | Killed shakethe's ghost
  2769 | D:3      | Killed from afar by an orc wizard

Skill      XL: |  1  2  3  4  5 |
---------------+----------------+-----
Conjurations   | 2 3 |  3.0
Fire Magic     | 4 |  4.9
Spellcasting   | 3 |  3.1
Dodging        | |  1.5
Stealth        | |  2.1

Action                   |  1- 3 |  4- 6 || total
-------------------------+-------+-------++-------
Melee: Unarmed           |    13 |       ||    13
       Whip              |    21 |    30 ||    51
       Short sword       |     2 |       ||     2
 Cast: Flame Tongue      |    39 |    51 ||    90
  Eat: Chunk             |     2 |     4 ||     6
Armor: Robe              |    14 |    63 ||    77
Dodge: Dodged            |    51 |    66 ||   117
